 Dungeon Crawl Stone Soup version 0.30-a0-373-gd37427bb62 (webtiles) character file.

Game seed: 17777560864154312310

116 Shayle the Chopper (level 4, -3/35 HPs)
             Began as a Demonspawn Reaver on Nov 24, 2022.
             Slain by a worm (7 damage)
             ... on level 3 of the Dungeon on Nov 25, 2022.
             The game lasted 00:06:11 (2539 turns).

Shayle the Chopper (Demonspawn Reaver)              Turns: 2539, Time: 00:06:12

Health: -3/35      AC:  5    Str: 12    XL:     4   Next: 69%
Magic:  16/16      EV: 11    Int: 17    God:
Gold:   121        SH:  4    Dex: 11    Spells: 6/7 levels left

rFire   . . .      SeeInvis .    a - +0 hand axe
rCold   . . .      Faith    .    (no shield)
rNeg    . . .      Spirit   .    b - +0 leather armour
rPois   .          Reflect  .    s - +0 helmet
rElec   .          Harm     .    g - +0 cloak
rCorr   .          Rampage  .    (no gloves)
Will    .....                    (no boots)
Stlth   ++........               (no amulet)
HPRegen 0.25/turn                e - ring of magical power
MPRegen 0.15/turn                (no ring)

@: no status effects
A: large bone plates 1
a: no special abilities


You were on level 3 of the Dungeon.
You visited 1 branch of the dungeon, and saw 3 of its levels.

You collected 121 gold pieces.

Inventory:

Hand Weapons
 a - a +0 hand axe (weapon)
Missiles
 l - 5 atropa-tipped darts
Armour
 b - a +0 leather armour (worn)
 g - a +0 cloak (worn)
 s - a +0 helmet (worn)
Jewellery
 e - a ring of magical power (left hand)
Wands
 x - a wand of roots (3)
Scrolls
 c - a scroll of poison {unknown}
 d - a scroll of magic mapping {unknown}
 h - a scroll of vulnerability {unknown}
 i - a scroll of identify {unknown}
 p - a scroll of brand weapon {unknown}
 q - 2 scrolls of teleportation {unknown}
 v - 3 scrolls of amnesia {unknown}
Potions
 f - a potion of curing {unknown}
 j - a potion of degeneration {unknown}
 k - 2 potions of lignification
 m - 2 potions of invisibility {unknown}
 n - a potion of heal wounds {unknown}
 o - 2 potions of might {unknown}
 r - 2 potions of brilliance {unknown}
 t - a potion of mutation {unknown}
 u - 2 potions of resistance {unknown}
 w - a potion of haste {unknown}


   Skills:
 + Level 3.0 Fighting
 + Level 3.4 Axes
 + Level 1.8 Armour
 - Level 1.7 Dodging
 + Level 2.0 Stealth
 - Level 2.0 Spellcasting
 - Level 3.0 Conjurations


You had 6 spell levels left.
You knew the following spells:

 Your Spells              Type           Power      Damage    Failure   Level
a - Kiss of Death         Conj/Necr      24%        2d7       13%         1

Your spell library contained the following spells:

 Spells                   Type           Power      Damage    Failure   Level
 Momentum Strike          Conj/Tloc      12%        3d8       21%         2
 Hailstorm                Conj/Ice       6%         3d4       36%         3


Dungeon Overview and Level Annotations

Branches:
Dungeon (3/15)

Altars:
Vehumet


Innate Abilities, Weirdness & Mutations

You are partially covered in large bone plates. (SH +4)


Message History

A worm is nearby!
You hit the worm.
The worm is lightly wounded.
The worm bites you.
You hit the worm but do no damage.
The worm is lightly wounded.
You hit the worm.
The worm is moderately wounded.
The worm bites you.
You hit the worm.
The worm is moderately wounded.
The worm bites you!
You slash the worm!
The worm is severely wounded.
You completely miss the worm.
The worm is severely wounded.
You block the worm's attack.
You hit the worm.
The worm is almost dead.
The worm bites you.
* * * LOW HITPOINT WARNING * * *
You hit the worm.
The worm is almost dead.
You hit the worm.
The worm is almost dead.
The worm bites you.
* * * LOW HITPOINT WARNING * * *
You completely miss the worm.
The worm is almost dead.
The worm bites you but does no damage.
You hit the worm.
The worm is almost dead.
You barely miss the worm.
The worm is almost dead.
The worm bites you.
* * * LOW HITPOINT WARNING * * *
You barely miss the worm.
The worm is almost dead.
The worm bites you!
You die...

#..###.###.####.# #....
#.#####..........####.# #.###
$..
.........####.......#.###.###
.#.##.#####.##
#.#..##........). ....#
#####.#####.#..####.###.##.
..... #..)...........<....#
#.##. #...#
#.###..#.......###### #....
#...# #.###..#..##...# ##...
#...###.#.......@..).# #.#.
#.........#....w..†>.#####
#.#.
#....##.#.#........#.....#
#.#.
............)#...........#
#.##
............##...........#
#...
............##.##.##.....#
####
#.........#.##.##.##.....# #
#...#######.......######## #
#...# #......## ###


You could see a worm.

Vanquished Creatures
  Terence (D:3)
  3 adders
  2 worms (D:2)
  2 dart slugs
  An orc (D:3)
  7 endoplasms
  3 giant cockroaches
  6 hobgoblins
  7 ball pythons
  4 bats
  8 frilled lizards
  2 goblins (D:2)
  5 kobolds
  2 rats
53 creatures vanquished.

Notes
Turn   | Place    | Note
-------+----------+-------------------------------------------
     0 | D:1      | Shayle the Demonspawn Reaver began the quest for the Orb.
     0 | D:1      | Reached XP level 1. HP: 16/16 MP: 3/3
   396 | D:1      | Gained mutation: You are partially covered in large bone
                  | plates. (SH +4) [demonic ancestry]
   396 | D:1      | Reached XP level 2. HP: 20/22 MP: 5/5
  1061 | D:2      | Reached skill level 1 in Stealth
  1064 | D:2      | Reached skill level 1 in Armour
  1169 | D:2      | Reached XP level 3. HP: 19/28 MP: 6/6
  1302 | D:2      | Found a radiant altar of Vehumet.
  1935 | D:3      | Reached XP level 4. HP: 34/34 MP: 7/7
  2201 | D:3      | Noticed Terence
  2483 | D:3      | Killed Terence
  2539 | D:3      | Slain by a worm

Illustrated notes

Levels and vault maps discovered:
D:1:      psy_arrival_terrarium, layout_basic, st_stairs_13
D:2:      layout_rooms, basic_altar, grunt_ministairs_15,
          hangedman_abyss_or_decor_lesser_grid
D:3:      layout_loops_cross, uniq_terence

Skill      XL: |  1  2  3  4 |
---------------+-------------+-----
Stealth        | 1 2 |  2.0
Armour         | 1 |  1.8
Axes           | 3 |  3.4
Fighting       | 3 |  3.0
Dodging        | |  1.7
Spellcasting   | |  2.0
Conjurations   | |  3.0

Action                   |  1- 3 |  4- 6 || total
-------------------------+-------+-------++-------
Melee: Hand axe          |   138 |    60 ||   198
       Punch             |     1 |     1 ||     2
  Use: Potion            |       |     1 ||     1
 Stab: Sleeping          |     1 |       ||     1
Armor: Leather armour    |    28 |    10 ||    38
       Skin              |       |     4 ||     4
Dodge: Dodged            |    59 |    23 ||    82
Block: Other             |    25 |     6 ||    31

Table legend: (Time is in decaauts)
 A = Elapsed time spent in this place.
 B = Non-inter-level travel time spent in this place.
 C = Inter-level travel time spent in this place.
 D = Time resting spent in this place.
 E = Time spent auto-exploring this place.
 F = Levels seen in this place.
 G = Mean time per level.
                   A        B        C        D        E       F      G
               +--------+--------+--------+--------+--------+-----+--------+
         Total |   2566 |   2517 |     49 |    296 |   1569 |   3 |  855.3 |
       Dungeon |   2566 |   2517 |     49 |    296 |   1569 |   3 |  855.3 |
               +--------+--------+--------+--------+--------+-----+--------+

Top non-repeatable levels by time:
     D:1: 1063 daAuts
     D:2: 880 daAuts
     D:3: 623 daAuts
